chuzzly, neutral female scurrid Tourist n}}}}}}}}}}}}}}}}}}} }}}}} }}}}}}}}}}}}}}}} }}}}} }}}}}}}}}}}}} }}} }B }B..}}}}.<#.}} ..# ..# # #.[}}}}}... }.....# }}}}......# #......}}}/IB# .}}.}}B.}}...}}}}} #.%}}}..@.B}}}}}}.# #..}}}}n}}}}}}}}#.}}}}}}}}..}}}}}}}}} }}}}...}}}}}}}}}}}}}} }}}}# }}}}}}}}}}}}}}}}.# .B/....}}}}}}..}}}}}}}}}.}}}}} }}}}} }}}}}}}}}}}}}.}}}. #...} #}}}}}}}}}}}..B.}}}} }}}#}}} # }...}}}}}}}}}}}}}}...}} }..}}}}}}}}}}}.#B..}} }.# .# # ..}}}}}}}}}}}}}%}}}}}} }}}}}}}....}}}}}}} .}}.}} }}} . # }}}}`.# }}}}}}}}}} }}}}}}}}}}}}. #..}}} }}}}}}} }}. ....} }}}}} }}}}.}..}}}}}} #..... }}}}}}}} }.# }}}B.. }}} #.}..B}. # # }}}}.}}}} .. B.# }..}B} }}}}...}}} }# # } }}}}}. }}}}}}.#..} } }}} }}}}}}} }.}} } }}}}}}} }}}} chuzzly the Rambler Experience level: 1 Strength: 10 Dexterity: 11 Constitution: 14 Intelligence: 13 Wisdom: 10 Charisma: 17 Health: 0(9) Energy: 2(2) Def: 0 Gold: 402 Moves: 54 Dungeon seed: PuSb7QtYTiOKqf6y Game ID: chuzzly_1498615177 Your Inventory: Coins $ - 402 gold pieces Weapons a - 50 uncursed +2 darts (in quiver) Armor e - an uncursed +0 Hawaiian shirt (being worn) Comestibles b - 2 uncursed oranges c - 5 uncursed food rations d - 2 uncursed eggs f - an uncursed tripe ration g - an uncursed banana Scrolls i - 3 uncursed scrolls of magic mapping j - a blessed scroll of magic mapping Potions h - 2 uncursed potions of extra healing Wands m - an uncursed wand of secret door detection (0:11) Tools k - an uncursed expensive camera (0:41) l - an uncursed credit card n - an uncursed oil lamp (0:1340) Spells and supernatural/magical abilities: Name Level Category Fail Memory W - pray for help -- divine ? -- Your skills at the end: Miscellaneous Skills wands [Basic] Weapon Skills dart [Basic] Spellcasting Skills Final Attributes: You were devoutly aligned. You had infravision. You were very stealthy. You are dead. Vanquished creatures: 2 sewer rats Voluntary challenges: You went without food. You did not adorn yourself with jewelry or accessories. You did not cause conflict. You were not invisible. You did not have reflection. You were not displaced. You were an atheist. You never hit with a wielded weapon. You did not use tools. You did not use plumbed fixtures. You did not drink any magical draughts. You were illiterate. You never genocided any monsters. You never polymorphed an object. You never changed form. You used no wishes. You never split a pudding. You never wrote Elbereth's name. You never violated your personal moral code. Dungeon overview: The Dungeons of Doom: levels 1 to 24 Level 1 a long staircase Level 2 Level 3 a fountain Level 4 Level 5 Level 6 a sink Level 7 Level 8 Level 9 Level 10 Level 11 Level 12 Level 13 Level 14 Level 15 Level 16 Level 17 Level 18 a fountain Level 19 Level 20 Level 21 Level 22 Level 23 Level 24 <- You were here many trees History has recorded: On T:1 you entered the Dungeons of Doom to retrieve the Amulet of Yendor! On T:4 you reached level 2 of The Dungeons of Doom. On T:7 you reached level 3 of The Dungeons of Doom. On T:9 you reached level 4 of The Dungeons of Doom. On T:11 you reached level 5 of The Dungeons of Doom. On T:13 you reached level 6 of The Dungeons of Doom. On T:16 you reached level 7 of The Dungeons of Doom. On T:18 you reached level 8 of The Dungeons of Doom. On T:20 you reached level 9 of The Dungeons of Doom. On T:22 you reached level 10 of The Dungeons of Doom. On T:25 you reached level 11 of The Dungeons of Doom. On T:27 you reached level 12 of The Dungeons of Doom. On T:29 you reached level 13 of The Dungeons of Doom. On T:31 you reached level 14 of The Dungeons of Doom. On T:34 you reached level 15 of The Dungeons of Doom. On T:36 you reached level 16 of The Dungeons of Doom. On T:38 you reached level 17 of The Dungeons of Doom. On T:38 you entered the Rogue tribute level. On T:40 you reached level 18 of The Dungeons of Doom. On T:43 you reached level 19 of The Dungeons of Doom. On T:45 you reached level 20 of The Dungeons of Doom. On T:47 you reached level 21 of The Dungeons of Doom. On T:49 you reached level 22 of The Dungeons of Doom. On T:52 you reached level 23 of The Dungeons of Doom. On T:54 you reached level 24 of The Dungeons of Doom. Score breakdown: Gold: 111 ( 11 points) Experience: 1 level ( 0 points) Exploration: 24 levels ( 690 points) Discoveries: 0 items ( 0 points) Variety of kills: 1 monster ( 50 points) Major goal: (nothing yet) ( 0 points) Survival: died (score multiplied by 3) Total score: 2253 Latest messages: You dig a hole through the floor. You fall through... You hear some noises in the distance. You start digging downward. You continue digging downward. You dig a pit in the floor. You continue digging downward. You dig a hole through the floor. You fall through... You start digging downward. Something touches you! You continue digging downward. You dig a pit in the floor. You continue digging downward. You dig a hole through the floor. You fall through... You hear a door open. You start digging downward. You continue digging downward. You dig a pit in the floor. You continue digging downward. You dig a hole through the floor. You fall through... Something touches you! The raven pecks! You die... Final status: Aloha chuzzly the Tourist, killed by a raven... You died in The Dungeons of Doom on dungeon level 24 with 2253 points, and 402 pieces of gold, after 54 moves. You were level 1 with a maximum of 9 hit points when you died.